 Dungeon Crawl Stone Soup version 0.26.1-11-gd32895ea62 (webtiles) character file.

Game seed: 516200220555350816

155712 ubername the Bludgeoner (level 17, -23/210 HPs)
             Began as a Barachi Fighter on May 27, 2021.
             Was the Champion of Trog.
             Killed from afar by a wretched star (25 damage)
             ... with a lance of force
             ... on level 4 of the Abyss.
             The game lasted 01:30:03 (35797 turns).

ubername the Bludgeoner (Barachi Fighter)          Turns: 35797, Time: 01:30:04

Health: -23/210    AC: 23    Str: 25      XL:     17   Next: 65%
Magic:  0/17       EV: 16    Int:  8 (9)  God:    Trog [******]
Gold:   2077       SH: 18    Dex: 16      Spells: 16/16 levels left

rFire    + + +     SeeInvis .   a - +3 morningstar (venom)
rCold    . . .     Faith    .   O - +3 kite shield {rF+}
rNeg     . . .     Spirit   +   v - +6 chain mail of the World {rPois Slay+3}
rPois    +         Reflect  .   (helmet restricted)
rElec    .         Harm     .   K - scarf {rC+ rF+}
rCorr    .         Rampage  .   z - +2 pair of gloves {Str+3}
Will     +....                  L - +0 pair of boots
Stlth    ..........             e - amulet of guardian spirit
HPRegen  0.45/turn              j - ring of fire
MPRegen  0.15/turn              P - +6 ring of strength

@: berserking, hasted (expiring), studying Armour, quick
A: +LOS, swims, horns 1, iridescent scales 1, [blurry vision 2], [deformed
body], deterioration 1, [screaming 3], slowness 1, [weak 2], no potion heal
1[+2], strong legs 2
a: Hop, Renounce Religion, Berserk, Trog's Hand, Brothers in Arms


You were on level 4 of the Abyss.
You worshipped Trog.
Trog was exalted by your worship.
You visited 5 branches of the dungeon, and saw 27 of its levels.
You visited the Abyss 1 time.
You also visited: Sewer.

You collected 2998 gold pieces.
You spent 921 gold pieces at shops.

Inventory:

Hand Weapons
 a - a +3 morningstar of venom (weapon)
 b - a +4 morningstar of flaming
 c - the +1 flail "Ejagun" {freeze, rElec rPois rC++ Stlth-}
   (You found it on level 6 of the Lair of Beasts)

   It has been specially enchanted to freeze those struck by it, causing extra
   injury to most foes and up to half again as much damage against particularly
   susceptible opponents.
   It can also slow down cold-blooded creatures.
   It greatly protects you from cold.
   It insulates you from electricity.
   It protects you from poison.
   It makes you less stealthy.
 Y - the +3 short sword of the Middle {venom, rN+}
   (You took it off a deep elf annihilator on level 3 of the Elven Halls)

   It poisons the flesh of those it strikes.
   It protects you from negative energy.
Armour
 v - the +6 chain mail of the World (worn) {rPois Slay+3}
   (You found it on level 10 of the Dungeon)

   It affects your accuracy and damage with ranged weapons and melee attacks
   (+3).
   It protects you from poison.
 z - a +2 pair of gloves of strength (worn)
 K - a scarf of resistance (worn)
 L - a +0 pair of boots (worn)
 O - a +3 kite shield of fire resistance (worn)
Jewellery
 e - an amulet of guardian spirit (around neck)
 j - a ring of fire (left hand)
 l - an uncursed ring of magical power
 o - an uncursed ring of willpower
 w - an uncursed ring of protection from cold
 x - a +4 ring of protection
 D - a +6 ring of dexterity
 E - an uncursed ring of protection from fire
 H - an uncursed ring of ice
 N - the ring of the Real Monster {Ice +Fly Will+++ Int-2 Stlth-}
   (You took it off a deep elf annihilator on level 3 of the Elven Halls)

   [ring of ice]

   It enhances your ice magic.
   It affects your intelligence (-2).
   It makes you vulnerable to fire.
   It protects you from cold.
   It affects your willpower, your defense against some magical effects.
   It lets you fly.
   It makes you less stealthy.
 P - a +6 ring of strength (right hand)
 S - the amulet "Vyemm" {Reflect rF+ Dex+2 SH+5}
   (You took it off a deep elf annihilator on level 3 of the Elven Halls)

   [amulet of reflection]

   It shields you and reflects attacks.
   It affects your dexterity (+2).
   It protects you from fire.
   It affects your SH (+5).
 V - an uncursed amulet of magic regeneration
 W - the cursed necklace of Bloodlust {*Rage +Rage Will++ Int-3 Slay+6 *Curse}
   (You took it off a deep elf sorcerer on level 3 of the Elven Halls)

   [amulet of nothing]

   It affects your intelligence (-3).
   It affects your accuracy and damage with ranged weapons and melee attacks
   (+6).
   It affects your willpower, your defense against some magical effects.
   It lets you go berserk.
   It may make you go berserk in combat.
   It curses itself when equipped.
   It has a curse placed upon it.
 X - an uncursed ring of protection from cold
Wands
 q - a wand of random effects (26)
 r - a wand of polymorph (18)
 y - a wand of digging (2)
 Q - a wand of paralysis (10)
 R - a wand of flame (33)
 T - a wand of iceblast (9)
 U - a wand of enslavement (11)
Scrolls
 f - 23 scrolls of identify
 i - 3 scrolls of fear
 k - 10 scrolls of teleportation
 s - 3 scrolls of fog
 u - 2 scrolls of enchant weapon
 A - 10 scrolls of remove curse
 G - a scroll of magic mapping
 I - a scroll of brand weapon
 M - a scroll of enchant armour
Potions
 d - 5 potions of might
 h - a potion of magic {unknown}
 m - 7 potions of flight
 n - 5 potions of haste
 p - 3 potions of ambrosia
 t - 7 potions of curing
 B - a potion of berserk rage
Books
 Z - a manual of Armour
Miscellaneous
 F - a phantom mirror (inert)


   Skills:
 + Level 14.6 Fighting
 + Level 17.8 Maces & Flails
 + Level 2.0 Throwing
 * Level 15.6 Armour
 * Level 11.1 Dodging
 + Level 3.9 Stealth
 * Level 17.0 Shields
 * Level 6.7 Evocations


You had 16 spell levels left.
You didn't know any spells.
Your spell library was empty.

Dungeon Overview and Level Annotations

Branches:
Dungeon (15/15)            Temple (0/1) D:7            Lair (6/6) D:10
 Shoals (0/4) Lair:4       Spider (0/4) Lair:3        Slime (1/5) Lair:6
    Orc (2/2) D:11            Elf (3/3) Orc:2        Vaults (0/5) D:13
 Depths (0/5) D:15          Sewer (visited)

Altars:
Ashenzari
Cheibriados
Elyvilon
Gozag
Kikubaaqudgha
Nemelex Xobeh
Ru
Sif Muna
Trog
Vehumet
The Shining One
Jiyva

Shops:
D:13 =   Orc:1 (   Orc:2 (=(*(   Elf:1 ?!   Elf:2 (   Elf:3 (

Annotations:
Lair:6 2 runed translucent doors
Elf:2 8 runed translucent doors, Kaobra's ghost, adept GnWz


Innate Abilities, Weirdness & Mutations

You can be seen from farther away. (+LOS)
You can swim through water.
You cover ground slowly.
You can hop long distances.
You have a pair of small horns on your head.
You are partially covered in iridescent scales. (AC +2)
Your body sometimes deteriorates upon taking damage.
[Scrolls take you longer to read.]
[Armour fits poorly on your strangely shaped body.]
[You frequently scream uncontrollably at your foes.]
[You are very weak. (Str -4)]
[Potions cannot restore your health.]


Message History

* * * LOW HITPOINT WARNING * * *
You are too berserk!
You puncture the Executioner!
The Executioner is severely wounded.
Your stone giant hits the purple very ugly thing.
You block the Executioner's attack. x2
The Executioner hits you but does no damage.
You puncture the Executioner!
The Executioner is almost dead.
You block the Executioner's attack. The Executioner hits you.
* * * LOW HITPOINT WARNING * * *
You block the Executioner's attack.
The purple very ugly thing basks in the mutagenic energy from its kin and changes!
Your stone giant hits the green very ugly thing!
The green very ugly thing dies!
Trog accepts your kill.
The brown ugly thing basks in the mutagenic energy from its kin and changes!
The wretched star glows turbulently.
The lance of force hits you!!
You die...

. .. .. . . . .
#..# #. ..... .
.#.. . .... ..#.
. .... ..###.. #
. #... . .....#
#.u... # .( .
..#####.uh#...#
. .. .## .⌠
#@.C# . . # . .
.#XX#1.*h# . .
#.#X######*.≈.≈.
.###.... ..###
#.# ≈≈≈≈≈ ..
..#..#...#. .
≈≈. #.. X
..##... #. ## .
. ....... ......
#≈h.h
#...#......\ ...
..≈≈≈≈ . ..#
..#....\..#
#..≈.


You could see a purple very ugly thing, a tentacled starspawn, 2 wretched stars,
a purple ugly thing, an Executioner (fast, extremely poisoned), 2 large
abominations, 2 hell hounds and a friendly stone giant (summoned, berserk,
misshapen, corroded).

Vanquished Creatures
  An acid blob (Lair:6)
  A deep elf blademaster (Elf:3)
  2 deep elf master archers (Elf:3)
  6 deep elf sorcerers (Elf:3)
  A deep elf elementalist (Elf:3)
  The ghost of Buproez the Basher, a journeyman TrBe of Trog (Lair:4)
  A stone giant (Orc:1)
  3 deep elf demonologists (Elf:3)
  Nessos (D:12)
  9 deep elf annihilators
  A deep elf death mage (Elf:3)
  A deep elf high priest (Elf:3)
  10 hydras
  A rakshasa (D:15)
  Fannar (D:12)
  A great orb of eyes (Lair:6)
  A boulder beetle (Lair:6)
  Erica (Lair:2)
  2 ogre magi (D:15)
  14 two-headed ogres
  9 dancing weapons
  4 death yaks (Lair:6)
  A tengu warrior (D:15)
  Urug (Lair:5)
  9 deep elf knights
  20 slime creatures
  A death drake (shapeshifter) (D:15)
  The ghost of hawla the Destroyer, a novice DECj of Vehumet (D:9)
  2 unseen horrors
  2 large abominations (Abyss:4)
  11 deep elf archers
  A wizard (Elf:1)
  A glowing orange brain (D:15)
  A lindwurm (Lair:6)
  2 cyclopes
  An ugly thing (D:15)
  An orc sorcerer (Orc:1)
  42 deep elf magi
  An oklob plant (Lair:5)
  4 orc knights
  A shining eye (Lair:6)
  3 manticores
  A guardian serpent (shapeshifter) (D:13)
  3 centaur zombies
  14 black mambas
  Joseph (Lair:1)
  4 molten gargoyles
  2 torpor snails (Lair:1)
  2 gargoyles
  10 cane toads
  A rime drake (shapeshifter) (D:15)
  11 komodo dragons
  2 freezing wraiths
  3 rime drakes
  2 yaktaurs (D:13)
  3 tengu conjurers
  5 trolls
  A meliai (D:9)
  A polar bear (Lair:3)
  2 merfolk (Lair:4)
  2 hornets
  2 jumping spiders (Lair:3)
  A queen bee (D:9)
  A troll (shapeshifter) (D:15)
  30 blink frogs
  A centaur simulacrum (D:15)
  3 air elementals
  A vampire (D:15)
  6 redbacks (Lair:3)
  2 shadows (D:15)
  2 wraiths
  10 wyverns
  A yak (shapeshifter) (Elf:1)
  Sigmund (D:6)
  A water elemental (Elf:1)
  A wyvern (shapeshifter) (Elf:2)
  37 yaks
  A fire elemental (Elf:1)
  9 basilisks
  3 vampire mosquitoes (D:15)
  2 steam dragons
  2 acid dragons (D:14)
  4 wargs
  5 hell hounds
  14 water moccasins
  5 ice beasts
  40 orc warriors
  Purgy (Sewer)
  2 sky beasts
  A black bear (shapeshifter) (D:15)
  2 black bears
  An eye of draining (Lair:6)
  4 phantoms
  29 wolves
  11 ogres
  2 boggarts
  9 centaurs
  4 big kobolds
  A big kobold (shapeshifter) (Elf:3)
  18 bullfrogs
  An earth elemental (Elf:1)
  A water moccasin zombie (D:12)
  A wyvern skeleton (D:14)
  5 scorpions
  12 killer bees
  8 wights
  2 howler monkeys
  2 electric eels
  4 lava snakes (Lair:6)
  A quasit (D:9)
  2 bullfrog zombies
  13 orc priests
  6 jellies
  7 hounds
  A centaur skeleton (D:10)
  32 orc wizards
  2 bullfrog skeletons (D:8)
  Jessica (D:3)
  Terence (D:3)
  9 worker ants
  2 hound zombies
  3 hound skeletons
  A worker ant zombie (D:6)
  11 adders
  A shadow imp (D:6)
  2 white imps
  3 ufetubi
  2 adder skeletons
  A worm (D:5)
  69 orcs
  6 bats
  10 giant cockroaches
  5 goblins
  4 hobgoblins
  11 kobolds
  2 quokkas (D:4)
  4 ball pythons
  10 frilled lizards
  2 quokka skeletons
  A quokka zombie (D:6)
  5 rats
  2 butterflies (Lair:3)
  A starspawn tentacle (Abyss:4)
787 creatures vanquished.

Vanquished Creatures (collateral kills)
  A very ugly thing (Abyss:4)
  A hydra (Lair:5)
  An orc (Orc:1)
3 creatures vanquished.

Vanquished Creatures (others)
  An ogre mage (D:15)
  A deep elf knight (Elf:2)
  A deep elf mage (Elf:2)
  2 yaks (D:13)
  A boggart (Elf:1)
  A bullfrog (D:13)
  2 orcs (Orc:1)
  A kobold (D:13)
  13 fungi
  42 plants
  11 starspawn tentacles (Abyss:4)
76 creatures vanquished.

Grand Total: 866 creatures vanquished

Notes
Turn   | Place    | Note
-------+----------+-------------------------------------------
     0 | D:1      | ubername the Barachi Fighter began the quest for the Orb.
     0 | D:1      | Reached XP level 1. HP: 18/18 MP: 1/1
   136 | D:1      | Reached XP level 2. HP: 25/25 MP: 2/2
   729 | D:2      | Reached XP level 3. HP: 9/30 MP: 3/3
  1193 | D:2      | Found a bloodstained altar of Trog.
  1538 | D:2      | Became a worshipper of Trog the Wrathful
  1862 | D:3      | Noticed Terence
  1874 | D:3      | Killed Terence
  1875 | D:3      | Reached XP level 4. HP: 22/37 MP: 4/4
  2028 | D:3      | Found a glowing drain.
  2059 | Sewer    | Entered a sewer
  2178 | Sewer    | Noticed Purgy
  2186 | Sewer    | Killed Purgy
  2187 | Sewer    | Reached skill level 5 in Armour
  2187 | Sewer    | Reached skill level 1 in Dodging
  2187 | Sewer    | Reached XP level 5. HP: 20/43 MP: 5/5
  2749 | D:3      | Noticed Jessica
  2758 | D:3      | Killed Jessica
  2759 | D:3      | Reached XP level 6. HP: 49/49 MP: 6/6
  3014 | D:4      | Found an opulent altar of Gozag.
  3636 | D:4      | Found a shimmering blue altar of Sif Muna.
  3682 | D:4      | Identified Sif Muna's Grimoire of Toxins
  3992 | D:4      | Noticed a phantom
  4011 | D:4      | Reached XP level 7. HP: 51/55 MP: 7/7
  4022 | D:4      | Reached skill level 5 in Maces & Flails
  4048 | D:5      | Entered Level 5 of the Dungeon
  4255 | D:5      | Reached * piety under Trog
  4264 | D:5      | Found a sacrificial altar of Ru.
  4270 | D:5      | Reached skill level 5 in Shields
  4275 | D:5      | Reached skill level 5 in Fighting
  4568 | D:5      | Found a white marble altar of Elyvilon.
  4816 | D:5      | Reached skill level 1 in Stealth
  5061 | D:6      | Found an ancient bone altar of Kikubaaqudgha.
  5108 | D:6      | Noticed Sigmund
  5151 | D:6      | Killed Sigmund
  5152 | D:6      | Reached XP level 8. HP: 31/62 MP: 8/8
  5301 | D:6      | Gained mutation: You have large cloven feet. [potion of
                  | mutation]
  5301 | D:6      | Gained mutation: You expend magic power (3 MP) to
                  | strengthen your wands. [potion of mutation]
  5301 | D:6      | Gained mutation: You possess an exceptional clarity of
                  | mind. [potion of mutation]
  5804 | D:6      | Reached ** piety under Trog
  6143 | D:7      | Found a staircase to the Ecumenical Temple.
  6326 | D:7      | Noticed a troll
  6340 | D:7      | Reached skill level 5 in Dodging
  6340 | D:7      | Reached XP level 9. HP: 69/69 MP: 9/9
  6345 | D:7      | Killed a troll
  7228 | D:8      | You fall into a shaft and drop 3 floors!
  7235 | D:10     | Entered Level 10 of the Dungeon
  7238 | D:10     | Found a staircase to the Lair.
  7751 | D:11     | Reached skill level 10 in Maces & Flails
  7751 | D:11     | Reached XP level 10. HP: 77/77 MP: 10/10
  7965 | D:11     | Reached *** piety under Trog
  8018 | D:11     | Found a staircase to the Orcish Mines.
  9143 | D:10     | Got a polished chain mail
  9154 | D:10     | Identified the +6 chain mail of the World {rPois Slay+3}
                  | (You found it on level 10 of the Dungeon)
  9319 | D:10     | Lost mutation: You possess an exceptional clarity of mind.
                  | [potion of mutation]
  9319 | D:10     | Lost mutation: You have large cloven feet. [potion of
                  | mutation]
  9319 | D:10     | Gained mutation: [Potions are less effective at restoring
                  | your health.] [potion of mutation]
  9319 | D:10     | Gained mutation: [You are weak. (Str -2)] [potion of
                  | mutation]
  9319 | D:10     | Gained mutation: Your mind is acute. (Int +2) [potion of
                  | mutation]
  9520 | D:9      | Killed an unseen horror
  9938 | D:9      | Reached skill level 1 in Throwing
  9938 | D:9      | Reached XP level 11. HP: 86/86 MP: 11/11
  9991 | D:9      | Reached **** piety under Trog
  9998 | D:9      | Lost mutation: Your mind is acute. (Int +2) [potion of
                  | mutation]
  9998 | D:9      | Lost mutation: [You are weak. (Str -2)] [potion of
                  | mutation]
  9998 | D:9      | Lost mutation: You expend magic power (3 MP) to strengthen
                  | your wands. [potion of mutation]
  9998 | D:9      | Gained mutation: You have a pair of small horns on your
                  | head. [potion of mutation]
  9998 | D:9      | Gained mutation: You are partially covered in iridescent
                  | scales. (AC +2) [potion of mutation]
 10298 | D:9      | Found an opulent altar of Gozag.
 10361 | D:9      | Noticed hawla's ghost (novice DECj)
 10380 | D:9      | Found a transporter.
 10386 | D:9      | Found a transporter.
 10800 | D:8      | Found a sparkling altar of Nemelex Xobeh.
 10800 | D:8      | Found a shimmering blue altar of Sif Muna.
 10800 | D:8      | Found a broken altar of Ashenzari.
 11403 | D:12     | Noticed Fannar
 11711 | D:12     | Killed Fannar
 11814 | D:12     | Noticed Nessos
 11826 | D:12     | Killed Nessos
 11878 | D:12     | Noticed a deep elf mage
 11889 | D:12     | Killed a deep elf mage
 12217 | D:12     | Noticed a two-headed ogre
 12263 | D:12     | Killed a two-headed ogre
 12961 | D:13     | Noticed a deep elf mage
 12966 | D:13     | Noticed a deep elf mage
 12968 | D:13     | Noticed an orc knight
 12979 | D:13     | Killed a deep elf mage
 12991 | D:12     | Killed a deep elf mage
 13370 | D:13     | Killed an orc knight
 13371 | D:13     | Reached XP level 12. HP: 95/95 MP: 12/12
 14043 | D:13     | Found Sytson's Jewellery Boutique.
 14046 | D:13     | Bought an uncursed amulet of guardian spirit for 330 gold
                  | pieces
 14215 | D:13     | Reached ***** piety under Trog
 14372 | D:13     | Found a gate to the Vaults.
 14404 | D:13     | Got a masterwork leather armour
 14425 | D:13     | Identified the +1 leather armour of Figi Gey {-Cast rElec
                  | rN++ rCorr} (You found it on level 13 of the Dungeon)
 15330 | D:14     | Noticed an eight-headed hydra
 15347 | D:14     | Killed an eight-headed hydra
 16207 | D:15     | Entered Level 15 of the Dungeon
 16207 | D:15     | Noticed a two-headed ogre
 16209 | D:15     | Noticed an ogre mage
 16209 | D:15     | Noticed a two-headed ogre
 16209 | D:15     | Noticed a two-headed ogre
 16210 | D:15     | Noticed a two-headed ogre
 16216 | D:15     | Killed a two-headed ogre
 16217 | D:15     | Reached skill level 10 in Fighting
 16221 | D:15     | Killed an ogre mage
 16228 | D:15     | Killed a two-headed ogre
 16229 | D:15     | Killed a two-headed ogre
 16230 | D:15     | Reached skill level 10 in Shields
 16231 | D:15     | Killed a two-headed ogre
 16441 | D:15     | Noticed an ogre mage
 16455 | D:15     | Killed an ogre mage
 16462 | D:15     | Noticed a two-headed ogre
 16462 | D:15     | Noticed a two-headed ogre
 16467 | D:15     | Killed a two-headed ogre
 16468 | D:15     | Gained mutation: You can hop long distances. [Barachi
                  | growth]
 16468 | D:15     | Reached XP level 13. HP: 78/104 MP: 10/13
 16471 | D:15     | Reached skill level 10 in Armour
 17015 | D:15     | Reached skill level 15 in Maces & Flails
 17105 | D:15     | Found a glowing golden altar of the Shining One.
 17786 | D:15     | Noticed a rakshasa
 17822 | D:15     | Killed a rakshasa
 18158 | D:15     | Found a staircase to the Depths.
 18446 | D:15     | Received a gift from Trog
 18812 | D:15     | Reached XP level 14. HP: 113/114 MP: 12/14
 19088 | Lair:1   | Entered Level 1 of the Lair of Beasts
 19483 | Lair:1   | You fall into a shaft and drop 1 floor!
 20409 | Lair:2   | Noticed Erica
 20415 | Lair:2   | Killed Erica
 21200 | Lair:3   | Found a hole to the Spider Nest.
 21216 | Lair:3   | Received a gift from Trog
 21952 | Lair:4   | Found a large runed translucent door.
 21953 | Lair:4   | Found a large runed translucent door.
 21956 | Lair:4   | Noticed Buproez's ghost (journeyman TrBe)
 22210 | Lair:4   | Found a staircase to the Shoals.
 22734 | Lair:5   | Noticed Urug
 22758 | Lair:5   | Reached XP level 15. HP: 103/122 MP: 15/15
 22766 | Lair:5   | Killed Urug
 23338 | Lair:5   | Received a gift from Trog
 23882 | Lair:6   | Entered Level 6 of the Lair of Beasts
 24042 | Lair:6   | Found a staircase to the Slime Pits.
 24043 | Lair:6   | Found a viscous altar of Jiyva.
 24563 | Lair:6   | HP: 6/124 [poisoned by a black mamba]
 24568 | Lair:6   | HP: 6/124 [poisoned by a black mamba]
 24575 | Lair:6   | HP: 6/124 [poisoned by a black mamba]
 24583 | Lair:6   | HP: 6/124 [poisoned by a black mamba]
 24993 | Lair:6   | Got a masterwork flail
 24999 | Lair:6   | Identified the cursed +1 flail "Ejagun" {freeze, rElec
                  | rPois rC++ Stlth-} (You found it on level 6 of the Lair of
                  | Beasts)
 25231 | Lair:6   | Identified a scroll of acquirement
 25231 | Lair:6   | Acquired a manual of Armour
 25507 | Lair:6   | Found a large runed translucent door.
 25509 | Lair:6   | Found a large runed translucent door.
 25613 | Lair:6   | Reached skill level 1 in Evocations
 26225 | Slime:1  | Entered Level 1 of the Pits of Slime
 26389 | Slime:1  | Noticed an acid blob
 26389 | Slime:1  | Noticed an acid blob
 26580 | Lair:6   | Gained mutation: Your body sometimes deteriorates upon
                  | taking damage. [a shining eye]
 26594 | Lair:6   | Received a gift from Trog
 26595 | Lair:6   | Killed an acid blob
 27104 | Lair:4   | Killed Buproez's ghost
 27275 | Lair:1   | Noticed Joseph
 27296 | Lair:1   | Killed Joseph
 27360 | Lair:1   | Found a snail-covered altar of Cheibriados.
 27873 | D:9      | Killed hawla's ghost
 28005 | Orc:1    | Entered Level 1 of the Orcish Mines
 28005 | Orc:1    | Found Ofehir's Antique Weapon Boutique.
 28242 | D:11     | Reached XP level 16. HP: 83/130 MP: 9/16
 29036 | Orc:2    | Entered Level 2 of the Orcish Mines
 29036 | Orc:2    | Found a staircase to the Elven Halls.
 29433 | Orc:2    | Reached skill level 15 in Shields
 29827 | Orc:2    | Found Valiosu's General Store.
 29827 | Orc:2    | Found Texteph's Weapon Boutique.
 29827 | Orc:2    | Found Plog's Jewellery Shop.
 29830 | Orc:2    | Found Gaonait's Weapon Shoppe.
 29846 | Orc:2    | Bought a +2 pair of gloves of strength for 387 gold pieces
 29941 | Orc:2    | Found Xuhenys's Antique Weapon Emporium.
 29953 | Orc:2    | Bought a shimmering flail for 204 gold pieces
 29953 | Orc:2    | Identified the cursed +1 flail "Ox" {antimagic, rF+} (You
                  | bought it in a shop on level 2 of the Orcish Mines)
 30480 | Elf:1    | Entered Level 1 of the Elven Halls
 30592 | Elf:1    | Received a gift from Trog
 30951 | Elf:1    | Found a frozen archway.
 31051 | Elf:1    | Found Xouptexi's Magic Scroll Shoppe.
 31091 | Elf:1    | Found Ebbyusoi's Distillery.
 31534 | Elf:1    | Reached skill level 10 in Dodging
 31816 | Elf:2    | Found Miaseril's Antique Weapon Emporium.
 31902 | Elf:2    | Reached ****** piety under Trog
 31902 | Elf:2    | Received a gift from Trog
 32365 | Elf:2    | Found a huge runed translucent gate.
 32365 | Elf:2    | Found a huge runed translucent gate.
 32367 | Elf:2    | Found a huge runed translucent gate.
 32373 | Elf:2    | Found a huge runed translucent gate.
 32373 | Elf:2    | Found a huge runed translucent gate.
 32388 | Elf:2    | Found a radiant altar of Vehumet.
 32619 | Elf:2    | Found a runed translucent gate.
 32619 | Elf:2    | Found a runed translucent gate.
 32619 | Elf:2    | Found a runed translucent gate.
 32619 | Elf:2    | Noticed Kaobra's ghost (adept GnWz)
 32817 | Elf:3    | Entered Level 3 of the Elven Halls
 32895 | Elf:3    | Found Pischiytyuc's Weapon Emporium.
 32904 | Elf:3    | Reached skill level 5 in Evocations
 33213 | Elf:3    | Identified the +1 war axe of Putus {freeze, rElec rN+ Will+
                  | Stlth-}
 33213 | Elf:3    | Identified the ring of the Real Monster {Ice +Fly Will+++
                  | Int-2 Stlth-}
 33225 | Elf:3    | Reached XP level 17. HP: 128/139 MP: 15/17
 33314 | Elf:3    | Identified the amulet "Vyemm" {Reflect rF+ Dex+2 SH+5}
 33314 | Elf:3    | Noticed a deep elf master archer
 33338 | Elf:3    | Killed a deep elf master archer
 33696 | Elf:3    | Reached skill level 15 in Armour
 33699 | Elf:3    | Noticed a deep elf master archer
 33739 | Elf:3    | Killed a deep elf master archer
 34695 | Elf:3    | Identified the +3 short sword of the Middle {venom, rN+}
 34841 | Elf:3    | Noticed a deep elf blademaster
 34869 | Elf:3    | Killed a deep elf blademaster
 34887 | Elf:3    | Noticed an Ice Fiend
 34908 | Elf:3    | HP: 1/140 [deep elf annihilator/iron shot (49)]
 35367 | Elf:3    | Received a gift from Trog
 35372 | Elf:3    | Noticed a deep elf blademaster
 35701 | Elf:3    | Cast into level 4 of the Abyss (a deep elf sorcerer)
 35723 | Abyss:4  | Noticed a tentacled starspawn
 35734 | Abyss:4  | Noticed an Executioner
 35791 | Abyss:4  | HP: 10/210 [Executioner (6)]
 35795 | Abyss:4  | HP: 3/210 [Executioner (2)]
 35797 | Abyss:4  | Killed from afar by a wretched star

Illustrated notes

Levels and vault maps discovered:
D:1:      amcnicky_arrival_blooded_trapdoor, layout_basic
D:2:      layout_loops_corners, lemuel_round_altar, serial_park_tiny_1
D:3:      layout_rooms, portal_sewer_entry_d, uniq_jessica, uniq_terence
D:4:      layout_gridville, grunt_gozag_breadcrumbs, led_sif_book
D:5:      layout_layer_cave, nicolae_ru_path_of_blood, elyvilon_altar_4
D:6:      layout_basic, lemuel_crystal_altar, uniq_sigmund
D:7:      layout_cave_pods, minmay_temple_entry_enclosed_plants, kb_rosetta
D:8:      layout_cave_pods, gammafunk_temple_overflow_claw, st_stairs_7
D:9:      layout_loops_ring, basic_altar, gammafunk_ghost_hive
D:10:     layout_roguey, dpeg_oklobed_lair
D:11:     layout_roguey, orc_0_dummy
D:12:     layout_basic, uniq_nessos, uniq_fannar
D:13:     layout_basic, hangedman_vaults_entry_quadrant_bands, serial_shops,
          nicolae_shop_window_shopping, gauntlet_entry_generic
D:14:     layout_layer_cave, nicolae_lava_and_water,
          chequers_serial_rivers_room_b
D:15:     gammafunk_enter_depths_forms, layout_loops_ring,
          nicolae_tso_carved_into_rock
Lair:1:   layout_regular_city, chequers_serial_rivers_small_a,
          kennysheep_snail_temple, uniq_joseph
Lair:2:   layout_gridlike, beast_lair_carwin_6, uniq_erica
Lair:3:   layout_loops_ring, nicolae_spider_entry_tight_spaces,
          serial_bayou_pond_c, grunt_megastairs_3, lemuel_fruit_fields
Lair:4:   layout_long_grid, elwin_shoals_entry_rooms,
          ebering_ghost_disaster_area
Lair:5:   layout_cave_pods, uniq_urug
Lair:6:   cheibrodos_lair_end_hotspot, layout_regular_city, slime_altar_1
Slime:1:  layout_caves
Orc:1:    layout_diamond_mine, serial_shops, shop
Orc:2:    st_orc_rangers, layout_caves, serial_shops, shop
Elf:1:    eino_elf_arrival_sip, layout_geoelf_grid,
          portal_ice_cave_entry_pillars_four, hangedman_elf_disciples,
          minmay_shoptagon
Elf:2:    layout_rooms, basic_altar, serial_shops, shop,
          ebering_ghost_rock_garden
Elf:3:    grunt_elf_hall_diamonds, layout_geoelf_diagonals, serial_shops,
          nicolae_shop_waterfront, kennysheep_underground_church
Abyss:4:  base: Zot:5, hangedman_abyss_monster_moat, minivault_20,
          serial_sigils_hangedman_shear, evilmike_abyss_exit_6,
          evilmike_abyss_exit_15

Skill      XL: |  1  2  3  4  5  6  7  8  9 10 11 12 13 14 15 16 17 |
---------------+----------------------------------------------------+-----
Fighting       | 4 5 6 8 9 10 11 12 13 14 | 14.6
Armour         | 4 5 6 8 9 11 12 13 14 15 | 15.6
Shields        | 4 5 6 7 8 9 10 11 13 14 16 17 | 17.0
Maces & Flails | 3 4 6 8 10 11 13 14 15 16 17 | 17.8
Dodging        | 1 2 3 5 6 7 8 9 10 11 | 11.1
Stealth        | 1 2 3 |  3.9
Throwing       | 1 2 |  2.0
Evocations     | 2 5 6 |  6.7

Action                   |  1- 3 |  4- 6 |  7- 9 | 10-12 | 13-15 | 16-18 || total
-------------------------+-------+-------+-------+-------+-------+-------++-------
Melee: Flail             |   108 |       |       |       |    20 |    29 ||   157
       Morningstar       |    42 |   139 |   351 |   505 |  1091 |   755 ||  2883
       Kick              |       |       |    80 |    28 |       |       ||   108
       Headbutt          |       |       |       |    83 |   347 |   211 ||   641
Throw: Dart              |       |       |     2 |     1 |     7 |     3 ||    13
Invok: Berserk           |       |       |     2 |     9 |     3 |     1 ||    15
       Brothers in Arms  |       |       |       |       |       |     2 ||     2
 Abil: Hop               |       |     3 |       |     1 |     1 |     3 ||     8
Evoke: Phantom mirror    |       |       |       |     1 |     2 |     1 ||     4
       Wand              |       |       |       |       |     1 |     2 ||     3
  Use: Scroll            |     1 |     1 |    20 |     5 |     9 |     5 ||    41
       Potion            |     1 |       |     7 |     4 |     5 |     4 ||    21
 Stab: Sleeping          |       |       |     3 |       |       |       ||     3
       Distracted        |       |       |       |     1 |       |       ||     1
Armor: Scale mail        |   110 |    30 |       |       |       |       ||   140
       Troll leather arm |       |    37 |   112 |    22 |       |       ||   171
       Chain mail        |       |       |       |   197 |   469 |   272 ||   938
Dodge: Dodged            |    59 |    71 |   152 |   185 |   399 |   303 ||  1169
Block: Kite shield       |   103 |    90 |   169 |   308 |   904 |   728 ||  2302
